 Dungeon Crawl Stone Soup version 0.24.0-13-gcf9b3192b9 (webtiles) character file.

Game seed: 6350901229772680449, levelgen mode: deterministic

8342 Aviak the Fighter (level 11, 0/89 HPs)
             Began as a Formicid Warper on Nov 10, 2019.
             Was an Elder of Okawaru.
             Killed by vampiric draining
             ... invoked by a vampire
              (9 damage)
             ... on level 11 of the Dungeon.
             The game lasted 00:19:15 (11036 turns).

Aviak the Fighter (Formicid Warper)                Turns: 11036, Time: 00:19:16

Health: 0/89       AC: 18    Str: 19    XL:     11   Next: 54%
Magic:  0/16       EV: 13    Int: 13    God:    Okawaru [****..]
Gold:   517        SH: 13    Dex: 10    Spells: 14/14 levels left

rFire    + . .     SeeInvis +   p - +0 war axe
rCold    + . .     Gourm    .   n - +0 shield (curse)
rNeg     . . .     Faith    .   g - +2 scale mail {MR+}
rPois    +         Spirit   +   (helmet unavailable)
rElec    +         Reflect  .   w - +1 cloak
rCorr    +         Harm     .   v - +0 pair of gloves
MR       ++...                  k - +1 pair of boots
Stlth    +.........             q - amulet of guardian spirit
HPRegen  0.24/turn              (no ring)
MPRegen  0.15/turn              (no ring)

@: resistant, heroism, flying
A: permanent stasis, dig shafts and tunnels, four strong arms, antennae 3
a: Dig, Shaft Self, Heroism, Renounce Religion


You were on level 11 of the Dungeon.
You worshipped Okawaru.
Okawaru was greatly pleased with you.
You were very hungry.

You visited 2 branches of the dungeon, and saw 12 of its levels.

You collected 699 gold pieces.
You spent 182 gold pieces at shops.

Inventory:

Hand Weapons
 a - a +0 hand axe
 p - a +0 war axe (weapon)
Missiles
 E - 14 boomerangs (quivered)
Armour
 g - a +2 scale mail of magic resistance (worn)
 k - a +1 pair of boots (worn)
 n - a cursed +0 shield (worn)
 v - a +0 pair of gloves (worn)
 w - a +1 cloak (worn)
Jewellery
 e - an uncursed ring of fire
 j - an uncursed amulet of faith {!P}
 o - an uncursed ring of ice
 q - an amulet of guardian spirit (around neck)
 s - an uncursed ring of fire
 z - an uncursed amulet of the acrobat
 A - an uncursed ring of poison resistance {unknown}
Wands
 b - a wand of iceblast (2)
 x - a wand of random effects (13)
 y - a wand of paralysis (2)
Scrolls
 d - 6 scrolls of amnesia
 i - 2 scrolls of identify
 l - 2 scrolls of enchant weapon
 m - 3 scrolls of enchant armour
 r - 6 scrolls of remove curse
 u - 3 scrolls of magic mapping
 B - a scroll of summoning {unknown}
Potions
 h - 2 potions of agility
 t - a potion of resistance
Comestibles
 f - 20 rations


   Skills:
 + Level 9.2(14.2) Fighting
 + Level 8.3(13.3) Axes
 - Level 1.0(6.0) Throwing
 + Level 8.9(13.9) Armour
 - Level 2.0(7.0) Dodging
 + Level 9.0(14.0) Shields
 - Level 2.1 Spellcasting
   Level 2.6 Translocations
 + Level 7.8 Invocations


You had 14 spell levels left.
You didn't know any spells.
Your spell library contained the following spells:

 Spells                   Type           Power        Failure   Level  Hunger
 Shroud of Golubria       Chrm/Tloc      #.....       43%         2    ###....
 Corona                   Hex            #......      50%         1    ##.....
 Gell's Gravitas          Tloc           #.........   50%         3    ####...
 Lesser Beckoning         Tloc           #.........   50%         3    ####...
 Teleport Other           Tloc           #.......     50%         3    ####...
 Ensorcelled Hibernation  Hex/Ice        #.....       63%         2    ###....
 Confuse                  Hex            #.......     86%         3    ####...
 Dazzling Spray           Conj/Hex       #.....       86%         3    ####...
 Tukima's Dance           Hex            #.......     86%         3    ####...
 Passage of Golubria      Tloc           N/A          88%         4    #####..
 Blink                    Tloc           Unusable     N/A         2    N/A

Dungeon Overview and Level Annotations

Branches:
Dungeon (11/15)            Temple (1/1) D:5            Lair (0/6) D:10
    Orc (0/2) D:11

Altars:
Ashenzari
Cheibriados
Dithmenos
Elyvilon
Fedhas
Gozag
Hepliaklqana
Kikubaaqudgha
Makhleb
Nemelex Xobeh
Okawaru
Qazlal
Ru
Sif Muna
Trog
Uskayaw
Vehumet
Wu Jian
Xom
Yredelemnul
Zin
The Shining One

Shops:
D:4 [


Innate Abilities, Weirdness & Mutations

You cannot be hasted, slowed, berserked, paralysed or teleported.
You can dig through walls and to a lower floor.
Your four strong arms can wield two-handed weapons with a shield.
You have a pair of large antennae on your head. (SInv)


Message History

Unknown command.
Unknown command.
Unknown command.
Evoke which item? (* to show all) (? for menu, Esc to quit)
Okay, then.
Okay, then.
You feel better. The vampire hits you.
* * * LOW HITPOINT WARNING * * *
The vampire bites you but does no damage.
Unknown command.
Unknown command.
It was a potion of resistance.
You feel protected. You block the vampire's attack.
The vampire bites you but does no damage.
It was a potion of flight.
You feel very buoyant.
You fly up into the air.
The vampire is infused with unholy energy.
You die...

...
#........#........#
..
#........'........#
#........#........#
#........#........#
#........#........#
#........#........#
##########........#
.....}.......###
.........@(..#
.........V..$#
.............#
.....######..#
..... ..# ..... ..#
.. !# .#


You could see a vampire (invisible).

Vanquished Creatures
  A two-headed ogre (D:11)
  A death yak (D:10)
  Urug (D:10)
  An unseen horror (D:10)
  A gargoyle (D:11)
  Psyche (D:8)
  3 hippogriffs
  A wraith (D:11)
  2 hungry ghosts
  Edmund (D:6)
  6 orc warriors
  An ice beast (D:5)
  A phantom (D:8)
  2 black bears
  3 ogres
  2 crocodiles (D:10)
  A centaur (D:8)
  3 big kobolds
  A wyvern zombie (D:9)
  5 bullfrogs
  4 scorpions
  A water moccasin skeleton (D:4)
  5 killer bees (D:10)
  5 wights (D:10)
  3 electric eels (D:10)
  2 centaur zombies
  3 crimson imps
  4 orc priests
  A bullfrog zombie (D:6)
  6 hounds
  2 jellies
  2 bullfrog skeletons
  A centaur skeleton (D:10)
  8 orc wizards
  2 gnoll shamans
  3 iguanas
  6 worker ants
  A killer bee zombie (D:8)
  4 hound skeletons
  21 gnolls
  A worker ant zombie (D:6)
  9 adders
  2 shadow imps
  An ooze (D:1)
  An adder skeleton (D:6)
  2 worms
  2 dart slugs
  4 leopard geckos
  47 orcs
  5 bats
  2 giant cockroaches
  4 goblins
  7 hobgoblins
  3 jackals
  5 quokkas
  A frilled lizard (D:3)
  22 kobolds
  2 leopard gecko skeletons (D:4)
  A quokka skeleton (D:7)
  4 rats
  A plant (D:10)
248 creatures vanquished.

Vanquished Creatures (others)
  2 plants (D:10)
2 creatures vanquished.

Grand Total: 250 creatures vanquished

Notes
Turn   | Place    | Note
-------+----------+-------------------------------------------
     0 | D:1      | Aviak the Formicid Warper began the quest for the Orb.
     0 | D:1      | Reached XP level 1. HP: 16/16 MP: 3/3
    17 | D:1      | Reached XP level 2. HP: 18/23 MP: 5/5
   946 | D:2      | Reached XP level 3. HP: 27/28 MP: 6/6
  1600 | D:2      | Found a shimmering blue altar of Sif Muna.
  1892 | D:3      | Reached XP level 4. HP: 25/35 MP: 7/7
  2191 | D:3      | Reached XP level 5. HP: 5/41 MP: 8/8
  3333 | D:3      | Found a faded altar of an unknown god.
  3415 | D:4      | Reached skill level 1 in Shields
  3415 | D:4      | Reached XP level 6. HP: 48/48 MP: 9/9
  3838 | D:4      | Found Methraq's Antique Armour Shoppe.
  3845 | D:4      | Bought a runed scale mail for 182 gold pieces
  3976 | D:4      | Reached XP level 7. HP: 48/55 MP: 10/10
  4343 | D:4      | Found a glowing golden altar of the Shining One.
  4479 | D:5      | Entered Level 5 of the Dungeon
  4511 | D:5      | Reached skill level 5 in Fighting
  4631 | D:5      | Reached XP level 8. HP: 52/62 MP: 8/11
  4680 | D:5      | Found a staircase to the Ecumenical Temple.
  4714 | Temple   | Entered the Ecumenical Temple
  4842 | Temple   | Became a worshipper of Warmaster Okawaru
  4984 | D:5      | Found a hazy altar of Hepliaklqana.
  5071 | D:6      | Reached skill level 5 in Armour
  5084 | D:6      | Found a shadowy altar of Dithmenos.
  5129 | D:6      | Reached skill level 5 in Axes
  5545 | D:6      | Found a sparkling altar of Nemelex Xobeh.
  5564 | D:6      | Reached skill level 1 in Invocations
  5586 | D:6      | Noticed Edmund
  5644 | D:6      | Reached * piety under Okawaru
  5666 | D:6      | Killed Edmund
  5669 | D:6      | Reached skill level 5 in Shields
  5669 | D:6      | Reached XP level 9. HP: 32/69 MP: 10/12
  5768 | D:6      | Found a shattered altar of Ashenzari.
  6074 | D:7      | Reached ** piety under Okawaru
  6131 | D:7      | Noticed a hippogriff
  6148 | D:7      | Killed a hippogriff
  6911 | D:8      | HP: 1/71 [orc warrior/+0 scimitar (7)]
  6918 | D:8      | HP: 1/71 [orc warrior/+0 scimitar (7)]
  7310 | D:8      | Noticed Psyche
  7334 | D:8      | Killed Psyche
  7453 | D:8      | Reached XP level 10. HP: 46/79 MP: 10/13
  7838 | D:8      | Reached *** piety under Okawaru
  7838 | D:8      | Reached skill level 5 in Invocations
  9155 | D:10     | Entered Level 10 of the Dungeon
  9159 | D:10     | Noticed an unseen horror
  9232 | D:10     | Killed an unseen horror
  9419 | D:10     | Reached **** piety under Okawaru
  9528 | D:10     | Found a staircase to the Lair.
  9529 | D:10     | Noticed a death yak
  9568 | D:10     | HP: 3/80 [death yak (10)]
  9575 | D:10     | Killed a death yak
  9575 | D:10     | Reached XP level 11. HP: 13/87 MP: 2/16
 10006 | D:10     | Noticed Urug
 10169 | D:10     | Killed Urug
 10562 | D:11     | Found a staircase to the Orcish Mines.
 10885 | D:11     | Found a shimmering blue altar of Sif Muna.
 10923 | D:11     | Noticed a two-headed ogre
 10944 | D:11     | Killed a two-headed ogre
 10948 | D:11     | Received a gift from Okawaru
 11033 | D:11     | HP: 3/89 [vampire/vampiric draining (10)]
 11036 | D:11     | Killed from afar by a vampire

Levels and vault maps discovered:
D:1:      minmay_arrival_diagonal_passages, layout_basic
D:2:      layout_loops_ring, lemuel_doored_altar, minmay_cupped
D:3:      layout_loops_ring, chequers_ecumenical_altar_grove
D:4:      layout_basic, serial_shops, nicolae_shop_statue_plus,
          nicolae_tso_carved_into_rock
D:5:      layout_rooms, lemuel_crystal_altar, minmay_temple_entry_water_ring,
          first_ration
D:6:      layout_cave_pools, lemuel_crystal_altar, ashenzari_altar_1,
          nemelex_xobeh_ov_fountains_minmay, uniq_edmund
D:7:      layout_loops_cross, grunt_ogre_cave
D:8:      layout_basic, uniq_psyche
D:9:      layout_big_octagon, serial_glass, glass_columns_a, glass_columns_c,
          glass_columns_b
D:10:     layout_rooms, david_lair_generic, serial_bayou, serial_bayou_pond_c,
          serial_bayou_pond_b, serial_bayou_pond_b, serial_bayou_pond_e,
          serial_bayou_lake_a, uniq_urug
D:11:     layout_irregular_city, hiddenorc2_lemuel, basic_altar, uniq_harold
Temple:   minmay_crystal_spiral_temple

Skill      XL: |  1  2  3  4  5  6  7  8  9 10 11 |
---------------+----------------------------------+-----
Dodging        | 2 |  2.0
Armour         | 2 3 4 5 6 8 |  8.9
Fighting       | 3 4 5 6 7 8 9 |  9.2
Axes           | 3 4 5 6 7 8 |  8.3
Shields        | 1 2 3 5 6 8 9 |  9.0
Invocations    | 2 4 6 7 |  7.8
Throwing       | |  1.0
Spellcasting   | |  2.1
Translocations | |  2.6

Action                   |  1- 3 |  4- 6 |  7- 9 | 10-12 || total
-------------------------+-------+-------+-------+-------++-------
Melee: Hand axe          |    94 |   123 |       |       ||   217
       War axe           |       |    60 |   482 |   521 ||  1063
Throw: Boomerang         |       |     5 |       |       ||     5
Invok: Heroism           |       |       |     3 |    11 ||    14
Evoke: Wand              |       |       |       |    13 ||    13
  Use: Potion            |     1 |     2 |     7 |     7 ||    17
       Scroll            |       |       |       |     8 ||     8
 Stab: Paralysed         |       |       |       |     3 ||     3
  Eat: Ration            |     1 |     1 |     1 |     1 ||     4
       Chunk             |       |     3 |    14 |    12 ||    29
Armor: Leather armour    |    24 |     5 |       |       ||    29
       Skin              |    14 |     9 |       |       ||    23
       Chain mail        |       |    61 |       |       ||    61
       Scale mail        |       |    17 |   251 |   188 ||   456
Dodge: Dodged            |    57 |    81 |   203 |   212 ||   553
Block: Shield            |       |    22 |   304 |   307 ||   633
